 Dungeon Crawl Stone Soup version 0.25-a0-85-g7617fd2bc2 (webtiles) character file.

Game seed: 5078741009852395490, levelgen mode: deterministic

806 MrRokkomies the Covered (level 7, -5/53 HPs)
             Began as a Gnoll Wanderer on Nov 8, 2019.
             Was a Follower of the Shining One.
             Slain by an ogre
             ... wielding a +0 giant club
              (19 damage)
             ... on level 5 of the Dungeon.
             The game lasted 00:08:05 (4045 turns).

MrRokkomies the Covered (Gnoll Wanderer)            Turns: 4045, Time: 00:08:05

Health: -5/53      AC: 15    Str: 14    XL:     7   Next: 91%
Magic:  11/11      EV:  8    Int: 19    God:    the Shining One [*.....]
Gold:   191        SH:  3    Dex: 12    Spells: 11/11 levels left

rFire    . . .     SeeInvis .   k - +0 dagger (venom)
rCold    . . .     Gourm    .   (no shield)
rNeg     . . .     Faith    .   i - +0 chain mail
rPois    .         Spirit   .   (no helmet)
rElec    .         Reflect  +   y - +0 cloak
rCorr    .         Harm     .   x - +1 pair of gloves
MR       .....                  b - +0 pair of boots
Stlth    ..........             q - +3 amulet of reflection (curse)
HPRegen  0.17/turn              (no ring)
MPRegen  0.12/turn              (no ring)

@: glowing
A: distributed training, fangs 1, strong nose
a: Renounce Religion


You were on level 5 of the Dungeon.
You worshipped the Shining One.
The Shining One was aware of your devotion.
You were hungry.

You visited 1 branch of the dungeon, and saw 5 of its levels.
You also visited: Sewer.

You collected 191 gold pieces.

Inventory:

Hand Weapons
 a - a +2 quarterstaff
 k - a +0 dagger of venom (weapon)
 n - a +4 flail of holy wrath
Missiles
 h - 18 poisoned darts (quivered)
 l - 8 boomerangs
Armour
 b - a +0 pair of boots (worn)
 i - a +0 chain mail (worn)
 j - a scarf of cloud immunity
 x - a +1 pair of gloves (worn)
 y - a +0 cloak (worn)
Jewellery
 g - an uncursed ring of ice
 o - an uncursed ring of ice
 q - a cursed +3 amulet of reflection (around neck)
Scrolls
 p - 2 scrolls of teleportation
 t - a scroll of blinking
 u - a scroll of remove curse
 v - a scroll of magic mapping
Potions
 c - a potion of resistance
 e - 3 potions of curing
 f - 2 potions of magic
 m - 2 potions of flight
 r - a potion of brilliance
 s - a potion of might
 w - a potion of heal wounds
 z - a potion of haste {unknown}
Comestibles
 d - 5 rations


   Skills:
 + Level 3.8 Fighting
 + Level 2.7 Short Blades
 + Level 2.7 Long Blades
 + Level 3.8 Axes
 + Level 2.7 Maces & Flails
 + Level 2.7 Polearms
 + Level 3.8 Staves
 + Level 2.7 Slings
 + Level 2.7 Bows
 + Level 2.7 Crossbows
 + Level 3.8 Throwing
 + Level 7.1 Armour
 + Level 3.8 Dodging
 + Level 3.6 Stealth
 + Level 2.7 Shields
 + Level 2.7 Unarmed Combat
 + Level 2.7 Spellcasting
 + Level 2.2 Conjurations
 + Level 2.2 Hexes
 + Level 2.2 Charms
 + Level 2.2 Summonings
 + Level 2.2 Necromancy
 + Level 2.2 Translocations
 + Level 2.2 Transmutations
 + Level 2.2 Fire Magic
 + Level 2.2 Ice Magic
 + Level 2.2 Air Magic
 + Level 2.2 Earth Magic
 + Level 2.2 Poison Magic
 + Level 3.0 Invocations
 + Level 3.8 Evocations


You had 11 spell levels left.
You didn't know any spells.
Your spell library was empty.

Dungeon Overview and Level Annotations

Branches:
Dungeon (5/15)              Sewer (visited)
 Temple: D:4-7

Altars:
Elyvilon
The Shining One


Innate Abilities, Weirdness & Mutations

Your experience applies equally to all skills.
You have very sharp teeth.
Your uncanny sense of smell can sniff out nearby items.


Message History

You hit the ogre. You punch the ogre.
The ogre is lightly wounded.
The ogre hits you with a +0 giant club!
You are too injured to fight recklessly!
You are too injured to fight recklessly!
You are too injured to fight recklessly!
You are too injured to fight recklessly!
You hit the ogre.
The ogre is poisoned.
You bite the ogre, but do no damage.
The ogre is moderately wounded.
You hit the ogre.
The ogre looks as sick as possible!
The ogre is moderately wounded.
The ogre hits you with a +0 giant club!
* * * LOW HITPOINT WARNING * * *
You hit the ogre.
The ogre is heavily wounded.
The ogre barely misses you.
You hit the ogre but do no damage.
The ogre looks as sick as possible!
The ogre is heavily wounded.
The ogre hits you with a +0 giant club!!
You die...

## #...#
..##########...#
.........##...###
#.######.####.).. # ..#
#.# ##... #< #.# #.#
#... #..
#.#####.#####... #...
###...............
#....
######@...#.##.#####...
#...>.#..a.O.####.##.#
#... #.......######
#....# #... #.......#
##..## #... #.....#.#
#..# #... ........#
.....### #..# .#### ...
#.###...###..# ###. #..
#.#....# . #. #.#.##.#


You could see an ogre and a worker ant.

Vanquished Creatures
  Edmund (D:5)
  3 big kobolds (Sewer)
  Blork the orc (D:5)
  A crimson imp (D:2)
  A centaur skeleton (D:4)
  A hound (D:4)
  3 orc wizards (D:4)
  3 worker ants (D:4)
  3 gnolls (D:3)
  4 river rats (Sewer)
  3 adders
  An ooze (Sewer)
  4 worms
  An adder skeleton (D:4)
  A leopard gecko (D:1)
  5 orcs
  2 giant cockroaches
  7 goblins
  2 hobgoblins
  7 jackals
  A quokka (D:3)
  4 ball pythons
  4 bats
  2 frilled lizards
  11 kobolds
  2 leopard gecko skeletons (D:4)
  7 rats
85 creatures vanquished.

Notes
Turn   | Place    | Note
-------+----------+-------------------------------------------
     0 | D:1      | MrRokkomies the Gnoll Wanderer began the quest for the Orb.
     0 | D:1      | MrRokkomies set off with the following items: a +2
                  | quarterstaff, a +0 spear, a +0 ring mail, a ration
     0 | D:1      | Reached XP level 1. HP: 17/17 MP: 2/2
   418 | D:1      | Reached XP level 2. HP: 23/23 MP: 3/3
   833 | D:2      | Noticed a crimson imp
   920 | D:2      | Killed a crimson imp
   920 | D:2      | Reached skill level 1 in Short Blades
   920 | D:2      | Reached skill level 1 in Long Blades
   920 | D:2      | Reached skill level 1 in Maces & Flails
   920 | D:2      | Reached skill level 1 in Polearms
   920 | D:2      | Reached skill level 1 in Slings
   920 | D:2      | Reached skill level 1 in Bows
   920 | D:2      | Reached skill level 1 in Crossbows
   920 | D:2      | Reached skill level 1 in Shields
   920 | D:2      | Reached skill level 1 in Unarmed Combat
   920 | D:2      | Reached skill level 1 in Spellcasting
   920 | D:2      | Reached skill level 1 in Invocations
   920 | D:2      | Reached XP level 3. HP: 10/28 MP: 3/5
  1091 | D:2      | Reached XP level 4. HP: 16/34 MP: 6/6
  1469 | D:3      | Reached skill level 1 in Conjurations
  1469 | D:3      | Reached skill level 1 in Hexes
  1469 | D:3      | Reached skill level 1 in Charms
  1469 | D:3      | Reached skill level 1 in Summonings
  1469 | D:3      | Reached skill level 1 in Necromancy
  1469 | D:3      | Reached skill level 1 in Translocations
  1469 | D:3      | Reached skill level 1 in Transmutations
  1469 | D:3      | Reached skill level 1 in Fire Magic
  1469 | D:3      | Reached skill level 1 in Ice Magic
  1469 | D:3      | Reached skill level 1 in Air Magic
  1469 | D:3      | Reached skill level 1 in Earth Magic
  1469 | D:3      | Reached skill level 1 in Poison Magic
  1622 | D:3      | Found a glowing drain.
  1634 | Sewer    | Entered a sewer
  1851 | Sewer    | Reached XP level 5. HP: 26/40 MP: 7/7
  1993 | Sewer    | Noticed a big kobold
  2016 | Sewer    | Killed a big kobold
  2052 | Sewer    | Reached XP level 6. HP: 33/47 MP: 8/8
  2342 | D:3      | Found a faded altar of an unknown god.
  2356 | D:3      | Became a worshipper of the Shining One
  2356 | D:3      | Reached * piety under the Shining One
  2988 | D:4      | Found a white marble altar of Elyvilon.
  3308 | D:4      | Reached XP level 7. HP: 52/52 MP: 10/10
  3367 | D:4      | Reached skill level 7 in Armour
  3691 | D:5      | Entered Level 5 of the Dungeon
  3729 | D:5      | Noticed Blork the orc
  3730 | D:5      | Noticed Edmund
  3749 | D:5      | Killed Blork the orc
  3755 | D:5      | Killed Edmund
  4045 | D:5      | Slain by an ogre

Levels and vault maps discovered:
D:1:      dpeg_arrival_signposts, layout_basic
D:2:      layout_loops_cross, nemelex_xobeh_ov_fountains_minmay, first_ration,
          uniq_terence
D:3:      layout_basic, portal_sewer_entry_a,
          chequers_ecumenical_altar_simple_redux, kennysheep_another_room,
          kennysheep_big_empty_room, kennysheep_generic_room_9
D:4:      layout_cave_pools, nicolae_overflow_crystal_walls
D:5:      layout_rooms, uniq_blork_the_orc, uniq_edmund

Skill      XL: |  1  2  3  4  5  6  7 |
---------------+----------------------+-----
Short Blades   | 1 2 |  2.7
Long Blades    | 1 2 |  2.7
Maces & Flails | 1 2 |  2.7
Polearms       | 1 2 |  2.7
Slings         | 1 2 |  2.7
Bows           | 1 2 |  2.7
Crossbows      | 1 2 |  2.7
Shields        | 1 2 |  2.7
Unarmed Combat | 1 2 |  2.7
Spellcasting   | 1 2 |  2.7
Invocations    | 1 2 3 |  3.0
Conjurations   | 1 2 |  2.2
Hexes          | 1 2 |  2.2
Charms         | 1 2 |  2.2
Summonings     | 1 2 |  2.2
Necromancy     | 1 2 |  2.2
Translocations | 1 2 |  2.2
Transmutations | 1 2 |  2.2
Fire Magic     | 1 2 |  2.2
Ice Magic      | 1 2 |  2.2
Air Magic      | 1 2 |  2.2
Earth Magic    | 1 2 |  2.2
Poison Magic   | 1 2 |  2.2
Fighting       | 3 |  3.8
Axes           | 3 |  3.8
Staves         | 3 |  3.8
Throwing       | 3 |  3.8
Dodging        | 3 |  3.8
Evocations     | 3 |  3.8
Stealth        | 3 |  3.6
Armour         | 7 |  7.1

Action                   |  1- 3 |  4- 6 |  7- 9 || total
-------------------------+-------+-------+-------++-------
Melee: Quarterstaff      |    96 |    18 |    36 ||   150
       Bite              |     6 |    25 |     2 ||    33
       Dagger            |       |   257 |    53 ||   310
       Punch             |       |     1 |     1 ||     2
  Use: Scroll            |       |    13 |       ||    13
       Potion            |       |     2 |     1 ||     3
  Eat: Chunk             |       |     8 |     2 ||    10
Armor: Ring mail         |     9 |       |       ||     9
       Chain mail        |    79 |   150 |    65 ||   294
Dodge: Dodged            |    51 |   100 |    45 ||   196
Block: Other             |       |     7 |    15 ||    22

Table legend:
 A = Non-vault XP
 B = Vault XP
 C = Vault XP percentage of total XP
 D = Non-vault monster count
 E = Vault monster count
 F = Vault count percentage of total count
                 A         B        C        D         E       F
            +---------+---------+-------+---------+---------+-------
      Total |     510 |     642 |  55.7 |      58 |      27 |  31.8
            +---------+---------+-------+---------+---------+-------
        D:1 |      13 |       0 |   0.0 |       8 |       0 |   0.0
        D:2 |      70 |       0 |   0.0 |      12 |       0 |   0.0
        D:3 |      76 |       5 |   6.2 |      17 |       4 |  19.0
        D:4 |     338 |       0 |   0.0 |      20 |       0 |   0.0
        D:5 |      13 |     256 |  95.2 |       1 |       2 |  66.7
      Sewer |       0 |     381 | 100.0 |       0 |      21 | 100.0
            +---------+---------+-------+---------+---------+-------
